Map: Turbo Cruise '84 LE

Players

Jason - Winner!

  • Race: Terran Terran
  • League: Grandmaster
  • Spawn Location: 7:00

Rob

  • Race: Protoss Protoss
  • League: Grandmaster
  • Spawn Location: 3:00

VOD

Have the link to the VOD?

Description

Time

  • Played on: May 13, 2019, 7:34 p.m.
  • Length: 13:56
Show
View Real Time Build Order
Export as new Build Order

Jason Terran - Winner!

Build Orders: Gas First Reaper Expand 

Get SALT Encoding   

  12  0:00  SCV  
  13  0:13  SCV  
  14  0:17  Supply Depot  
  14  0:25  SCV  
  15  0:30  Refinery  
  15  0:39  SCV  
  16  0:45  Barracks  
  16  0:51  SCV  
  17  1:03  SCV  
  18  1:15  SCV  
  19  1:33  Reaper, Orbital Command  
  20  1:46  Command Center  
  20  1:57  Factory  
  20  2:01  SCV  
  21  2:08  Barracks Reactor  
  21  2:15  SCV  
  22  2:16  Supply Depot  
  22  2:19  Refinery  
  22  2:27  SCV  
  23  2:43  SCV  
  24  2:46  Starport  
  24  2:54  Hellion x2  
  24  2:55  Barracks Tech Lab  
  24  2:56  SCV  
  29  3:02  Orbital Command  
  29  3:09  SCV  
  30  3:15  Supply Depot  
  30  3:21  SCV  
  31  3:30  SCV  
  31  3:33  Marine x2  
  33  3:35  Siege Tank  
  33  3:37  Viking  
  38  3:47  SCV x2  
  36  3:51  Marine x2  
  38  3:59  SCV x2, Supply Depot  
  40  4:07  Cyclone  
  42  4:11  SCV x2  
  41  4:20  Marine  
  41  4:22  Marine  
  41  4:23  SCV  
  44  4:24  SCV  
  44  4:25  Viking  
  47  4:35  SCV  
  48  4:39  SCV  
  49  4:47  SCV, Command Center  
  49  4:50  Siege Tank  
  49  4:52  SCV  
  54  4:53  Marine  
  54  4:54  Marine  
  54  4:59  Starport Tech Lab  
  57  5:00  SCV  
  57  5:01  Supply Depot  
  57  5:04  SCV  
  58  5:12  SCV  
  59  5:16  SCV  
  59  5:17  Raven  
  62  5:21  Barracks  
  62  5:23  Barracks  
  62  5:24  SCV, Supply Depot  
  63  5:29  SCV  
  63  5:31  Refinery x2  
  63  5:33  Engineering Bay  
  64  5:36  Factory Reactor, Marine  
  64  5:38  SCV  
  64  5:41  SCV  
  67  5:44  Stimpack  
  67  5:51  SCV  
  67  5:53  SCV  
  67  5:54  Marauder  
  71  6:00  Barracks  
  71  6:01  Orbital Command  
  71  6:02  Barracks  
  71  6:03  SCV  
  72  6:05  SCV  
  73  6:12  Starport Reactor  
  73  6:15  SCV, Missile Turret  
  73  6:18  SCV  
  75  6:20  Marauder x2  
  75  6:22  Terran Infantry Weapons Level 1  
  75  6:24  Combat Shield  
  79  6:27  SCV x2  
  79  6:30  SCV  
  82  6:34  Marine x2  
  82  6:38  Supply Depot x2  
  82  6:39  SCV x2, Widow Mine  
  88  6:40  Widow Mine  
  88  6:43  Orbital Command  
  88  6:46  Marauder  
  92  6:47  SCV  
  92  6:55  Barracks Tech Lab x2, Marine  
  92  6:59  Missile Turret, Marine  
  92  7:00  Marauder  
  96  7:02  Supply Depot  
  96  7:05  Supply Depot  
  96  7:07  SCV, Missile Turret  
  97  7:09  SCV x2  
  97  7:13  Marine x2  
  101  7:18  Marauder  
  101  7:19  SCV  
  101  7:21  SCV x2  
  106  7:23  Marine  
  106  7:29  Medivac  
  64  7:30  Medivac  
  109  7:31  Marauder x2, SCV  
  109  7:33  Supply Depot  
  109  7:36  SCV  
  117  7:38  SCV, Starport  
  117  7:43  SCV, Concussive Shells  
  118  7:45  Refinery  
  118  7:48  SCV  
  118  7:49  Refinery  
  118  7:50  SCV  
  118  7:51  Marauder, Marine  
  121  7:54  Marine  
  121  7:55  SCV, Marauder  
  127  8:01  SCV  
  127  8:02  Medivac x2  
  127  8:03  Marauder  
  132  8:07  Marine  
  132  8:08  SCV x2  
  135  8:13  Marauder, Marine  
  135  8:16  Ghost Academy  
  136  8:28  Sensor Tower  
  136  8:30  Supply Depot  
  136  8:31  SCV, Marauder x2, Supply Depot  
  136  8:32  Supply Depot  
  141  8:35  Terran Infantry Armor Level 1  
  141  8:51  Marine x2  
  141  8:52  Marauder, Ghost, Marine  
  141  8:53  Ghost  
  150  8:59  Barracks  
  150  9:00  Barracks  
  150  9:01  Barracks  
  150  9:09  Ghost  
  150  9:12  Ghost  
  152  9:18  Marine  
  152  9:21  Ghost x2  
  152  9:22  Marine  
  158  9:33  Widow Mine  
  158  9:36  Marine  
  158  9:38  Ghost  
  161  9:39  Marine  
  161  9:40  Liberator x2  
  161  9:44  Command Center  
  164  9:46  Marauder  
  164  9:50  Marauder, Marine  
  149  9:55  Widow Mine, Marine  
  149  9:57  Marine  
  156  10:07  Marauder, Marine  
  156  10:08  Marine  
  156  10:12  Marauder, Command Center, Marine  
  163  10:15  Armory, Engineering Bay, Marine  
  164  10:25  Marine  
  165  10:29  Supply Depot  
  165  10:30  Marine  
  165  10:31  Marauder x2, Widow Mine  
  165  10:33  Marine  
  173  10:41  Marine  
  172  10:44  Marauder  
  172  10:48  Marine  
  171  10:50  Marine  
  171  10:52  Marauder, Widow Mine, Marine  
  171  10:55  Liberator x3  
  177  11:07  Sensor Tower  
  177  11:10  Marine  
  177  11:11  Marauder x2, Marine x2  
  184  11:14  Widow Mine  
  195  11:19  Missile Turret  
  195  11:25  Marine  
  196  11:28  Marine x2  
  196  11:29  Marauder  
  200  11:35  Liberator  
  200  11:38  Liberator  
  200  11:47  Planetary Fortress  
  200  11:50  Refinery  
  200  11:51  Refinery  
  200  12:01  Liberator  
  200  12:02  Barracks Tech Lab x3  
  200  12:05  Starport  
  170  12:16  Marine x3  
  170  12:17  Marauder, Marine x2  
  170  12:20  Marine x2  
  170  12:21  Marauder  
  170  12:22  Widow Mine  
  175  12:25  Liberator x2  
  175  12:34  Marine x2  
  175  12:35  Marauder  
  175  12:36  Marauder  
  188  12:45  Marine x2  
  188  12:46  Marauder  
  192  12:53  Fusion Core, Command Center  
  181  13:03  SCV  
  181  13:04  SCV  
  182  13:08  Marauder, Marine x3  
  182  13:09  Marauder  
  182  13:10  SCV  
  182  13:11  Marine  
  182  13:12  Marauder x2  
  195  13:13  Widow Mine  
  195  13:21  Starport Tech Lab  
  195  13:25  Marine  
  195  13:26  Command Center  
Show
View Real Time Build Order
Export as new Build Order

Rob Protoss 

Build Orders: 1 Gate Expand, Oracle Opening 

Get SALT Encoding   

  12  0:00  Probe  
  13  0:12  Probe  
  14  0:19  Pylon  
  14  0:24  Probe  
  15  0:33  Probe  
  15  0:37  Gateway  
  15  0:41  Probe  
  16  0:48  Assimilator  
  17  0:52  Probe  
  18  1:04  Probe  
  19  1:17  Probe  
  20  1:26  Nexus  
  20  1:33  Cybernetics Core  
  20  1:38  Assimilator, Probe  
  20  1:46  Probe  
  21  1:52  Pylon  
  22  1:56  Probe  
  22  2:01  Adept  
  23  2:10  Warp Gate, Probe  
  26  2:22  Pylon  
  26  2:23  Probe  
  27  2:31  Stalker  
  27  2:35  Probe  
  30  2:40  Probe  
  30  2:43  Stargate  
  31  2:47  Probe  
  32  2:57  Probe  
  33  2:59  Probe  
  33  3:00  Stalker  
  34  3:10  Probe  
  34  3:11  Probe  
  38  3:17  Oracle  
  38  3:24  Probe x2  
  43  3:31  Stalker  
  45  3:37  Probe x2  
  45  3:39  Shield Battery  
  47  3:43  Oracle  
  45  3:52  Gateway  
  45  3:55  Gateway  
  48  3:59  Pylon  
  48  4:00  Probe  
  49  4:11  Oracle  
  49  4:13  Probe x2  
  48  4:24  Gateway x2  
  51  4:31  Probe  
  51  4:32  Assimilator  
  51  4:33  Pylon  
  51  4:35  Stalker  
  54  4:44  Probe  
  55  4:56  Probe  
  55  4:58  Probe  
  57  5:00  Nexus  
  57  5:03  Robotics Facility  
  57  5:08  Probe  
  57  5:09  Stalker  
  57  5:10  Stalker  
  62  5:17  Probe  
  63  5:21  Pylon  
  63  5:24  Probe, Twilight Council  
  63  5:27  Assimilator  
  64  5:29  Probe  
  64  5:30  Stalker  
  67  5:36  Probe, Blink  
  67  5:41  Probe  
  69  5:45  Pylon  
  69  5:46  Forge  
  69  5:48  Forge  
  69  5:51  Observer  
  69  5:56  Stalker x2  
  70  5:59  Probe  
  70  6:03  Probe  
  73  6:12  Probe  
  73  6:15  Probe  
  75  6:21  Stalker x3  
  75  6:22  Probe  
  82  6:28  Probe x2  
  84  6:34  Probe  
  84  6:38  Protoss Ground Armor Level 1  
  85  6:40  Protoss Ground Weapons Level 1, Probe x2  
  85  6:44  Observer  
  85  6:47  Probe  
  89  6:52  Probe  
  89  6:53  Stalker x2  
  93  6:55  Pylon  
  93  6:57  Pylon  
  93  6:58  Pylon  
  93  7:12  Probe  
  94  7:16  Gateway x2  
  94  7:17  Gateway  
  94  7:20  Warp Prism  
  96  7:23  Gateway  
  96  7:24  Templar Archives  
  96  7:27  Probe x2  
  98  7:31  Pylon x2  
  98  7:34  Charge  
  98  7:38  Pylon  
  98  7:41  Zealot x5  
  108  7:44  Pylon  
  108  7:58  Warp Prism  
  110  8:10  Zealot x5  
  120  8:13  Nexus  
  120  8:15  Pylon  
  120  8:28  Zealot x4  
  120  8:34  High Templar x5  
  134  8:39  Pylon  
  134  8:40  Pylon  
  138  8:51  Zealot x4  
  138  8:53  Archon  
  138  8:54  Archon  
  146  8:57  Pylon  
  146  8:59  Pylon  
  146  9:00  Pylon  
  144  9:04  Pylon  
  144  9:05  Pylon  
  144  9:11  Psionic Storm  
  144  9:13  Warp Prism  
  144  9:16  Zealot x8  
  140  9:32  Probe x3  
  140  9:34  Probe  
  144  9:44  Probe  
  145  9:48  Immortal  
  119  9:59  Zealot x6  
  113  10:00  Zealot x3  
  123  10:07  Observer  
  123  10:20  Zealot x4, Immortal, High Templar x2  
  123  10:21  Zealot x3  
  141  10:23  Assimilator  
  141  10:25  Assimilator  
  141  10:26  Protoss Ground Armor Level 2, Protoss Ground Weapons Level 2  
  119  10:50  Zealot x7  
  119  10:52  Zealot x2  
  133  11:12  Zealot x9  
  148  11:32  Zealot x6  
  158  11:33  Zealot x2  
  154  12:01  Zealot x5  
  154  12:02  Zealot x4  
  154  12:07  Nexus  
  158  12:22  Stalker x5  
  168  12:26  Pylon  
  168  12:36  Pylon  
  164  12:38  Pylon  
  164  12:40  Pylon  
  154  12:44  Robotics Bay  
  152  13:00  High Templar x9  
  170  13:06  Robotics Facility  
  170  13:08  Archon x3  
  170  13:09  Archon  
  166  13:18  Assimilator  
  166  13:20  Assimilator  
  166  13:23  Pylon  
  166  13:36  Zealot x6  
  166  13:37  Zealot x2  
Tags
 
Add a new tag
Caveats
  • Supply blocks, unpowered buildings, or Contaminate may cause inaccurate times.
  • Supply counts are checked every 10 seconds.